 Dungeon Crawl Stone Soup version 0.30.0-18-gc0e69614cb (webtiles) character file.

Game seed: 10086204970301980710

91456 cheesebisquit the Spry (level 15, -8/76 HPs)
             Began as a Felid Summoner on May 23, 2023.
             Was an Initiate of Gozag.
             Hit by a silver javelin thrown by a merfolk javelineer (10 damage)
             ... on level 1 of the Shoals.
             The game lasted 06:02:46 (52265 turns).

cheesebisquit the Spry (Felid Summoner)            Turns: 52265, Time: 06:02:47

Health: -8/76      AC:  3    Str:  3    XL:     15   Next: 18%
Magic:  24/34      EV: 36    Int: 33    God:    Gozag
Gold:   192        SH:  0    Dex: 22    Spells: 3/42 levels left
                                        Lives:  0   Deaths: 5

rFire   . . .        (weapon unavailable)
rCold   + . .        (shield unavailable)
rNeg    + + .        (body armour unavailable)
rPois   .            (helmet unavailable)
rElec   +            (cloak unavailable)
rCorr   +            (gloves unavailable)
SInv    +            (boots unavailable)
Will    ++...        S - amulet "Monughec" {RegenMP rN++ Int+2}
Stlth   ++           B - +6 ring of intelligence
HPRegen 0.32/turn    x - ring of Socrorex {Wiz rElec rCorr Int+3 Stlth+}
MPRegen 0.64/turn

%: wizardry (x1)
@: forested, very slow
A: very small, claws 1, fangs 3, see invisible, speed 1, shaggy fur 3, stealthy
paws, no weapons or thrown items, no armour, multi-lived, horns 1, agile 1
}: 1/15 runes: serpentine
a: Renounce Religion, Potion Petition, Call Merchant, Bribe Branch


You were on level 1 of the Shoals.
You worshipped Gozag.
Gozag was aware of your devotion.
You visited 6 branches of the dungeon, and saw 28 of its levels.
You also visited: Ossuary and Bailey.

You collected 11187 gold pieces.
You spent 5543 gold pieces at shops.
You paid 5452 gold pieces to Gozag.

Inventory:

Jewellery
 g - a ring of resist corrosion
 r - a +5 ring of evasion
 x - the ring of Socrorex (right paw) {Wiz rElec rCorr Int+3 Stlth+}
   (You bought it in a shop on level 4 of the Snake Pit)

   [ring of wizardry]

   It improves your spell success rate.
   Int:       It affects your intelligence (+3).
   rElec:     It insulates you from electricity.
   rCorr:     It protects you from acid and corrosion.
   Stlth:     It makes you more stealthy.
 B - a +6 ring of intelligence (left paw)
 C - a ring of protection from cold
 H - a ring of protection from cold
 N - a ring of poison resistance
 O - a ring of positive energy
 P - a ring of magical power
 R - the ring "Igiph" {Fire rPois}
   (You found it on level 2 of the Snake Pit)

   [ring of fire]

   It enhances your fire magic.
   rF:        It protects you from fire.
   rC:        It makes you vulnerable to cold.
   rPois:     It protects you from poison.
 S - the amulet "Monughec" (around neck) {RegenMP rN++ Int+2}
   (You bought it in a shop on level 4 of the Snake Pit)

   [amulet of magic regeneration]

   It increases your rate of magic regeneration.
   Int:       It affects your intelligence (+2).
   rN:        It greatly protects you from negative energy.
Wands
 f - a wand of quicksilver (19)
 p - a wand of iceblast (23)
 q - a wand of flame (26)
 F - a wand of paralysis (14)
Scrolls
 i - 4 scrolls of vulnerability
 j - 2 scrolls of silence
 n - a scroll of magic mapping
 y - 2 scrolls of poison
 A - 6 scrolls of teleportation
 D - 3 scrolls of immolation
 E - 5 scrolls of fog
 J - 6 scrolls of torment
 M - 8 scrolls of identify
Potions
 b - 3 potions of might
 e - 9 potions of mutation
 h - 8 potions of flight
 k - 13 potions of curing
 l - 6 potions of haste
 m - 4 potions of attraction
 o - 3 potions of berserk rage
 t - 3 potions of cancellation
 u - 5 potions of lignification
 v - 4 potions of resistance
 I - 7 potions of brilliance
 L - a potion of ambrosia


   Skills:
 + Level 14.9 Fighting
 - Level 19.0 Dodging
 - Level 2.6 Stealth
 + Level 14.0 Spellcasting
 - Level 10.0 Hexes
 + Level 14.7 Summonings
 + Level 9.4 Necromancy
 - Level 10.0 Translocations
 - Level 7.0 Air Magic


You had 3 spell levels left.
You knew the following spells:

 Your Spells              Type           Power      Damage    Failure   Level
a - Summon Mana Viper     Hex/Summ       81%        N/A       1%          5
b - Summon Cactus Giant   Summ           44%        N/A       1%          6
c - Summon Forest         Summ/Tloc      40%        N/A       1%          5
e - Summon Lightning Spi  Summ/Air       76%        N/A       1%          4
f - Haunt                 Necr/Summ      40%        N/A       4%          7
g - Blink                 Tloc           100%       N/A       1%          2
h - Monstrous Menagerie   Summ           44%        N/A       1%          7
z - Tukima's Dance        Hex            73%        N/A       1%          3

Your spell library contained the following spells:

 Spells                   Type           Power      Damage    Failure   Level
 Summon Small Mammal      Summ           100%       N/A       0%          1
 Call Imp                 Summ           100%       N/A       0%          2
 Call Canine Familiar     Summ           88%        N/A       0%          3
 Freeze                   Ice            92%        1d9       1%          1
 Sandblast                Erth           46%        2d11      1%          1
 Cigotuvi's Dreadful Rot  Necr/Pois/Air  100%       N/A       1%          2
 Lesser Beckoning         Tloc           100%       N/A       1%          2
 Momentum Strike          Conj/Tloc      100%       3d10      1%          2
 Passwall                 Tmut/Erth      19%        N/A       1%          2
 Poisonous Vapours        Pois/Air       92%        N/A       1%          2
 Scorch                   Fire           46%        2d6       1%          2
 Static Discharge         Conj/Air       92%        2-6/arc   1%          2
 Inner Flame              Hex/Fire       54%        N/A       1%          3
 Mephitic Cloud           Conj/Pois/Air  38%        N/A       1%          3
 Summon Guardian Golem    Hex/Summ       81%        N/A       1%          3
 Frozen Ramparts          Ice            46%        1d7       2%          3
 Hailstorm                Conj/Ice       23%        3d7       2%          3
 Ozocubu's Armour         Ice            23%        N/A       2%          3
 Stone Arrow              Conj/Erth      46%        3d9       2%          3
 Airstrike                Air            31%        2d(5-21)  1%          4
 Cause Fear               Hex            36%        N/A       1%          4
 Dispel Undead            Necr           72%        3d24      1%          4
 Passage of Golubria      Tloc           73%        N/A       1%          4
 Summon Ice Beast         Ice/Summ       64%        N/A       1%          4
 Metabolic Englaciation   Hex/Ice        27%        N/A       2%          5
 Yara's Violent Unravell  Hex/Tmut       27%        3d12      2%          5
 Death Channel            Necr           36%        N/A       2%          6
 Borgnjor's Vile Clutch   Necr/Erth      26%        N/A       3%          5
 Flame Wave               Conj/Fire      23%        2d8       8%          4
 Ice Form                 Ice/Tmut       23%        N/A       8%          4
 Olgreb's Toxic Radiance  Pois           23%        N/A       8%          4
 Freezing Cloud           Conj/Ice/Air   19%        6-21      9%          5
 Enfeeble                 Hex            36%        N/A       11%         7
 Summon Horrible Things   Summ           44%        N/A       12%         8
 Alistair's Intoxication  Tmut/Pois      15%        N/A       21%         5
 Discord                  Hex            36%        N/A       58%         8
 Infestation              Necr           36%        N/A       67%         8
 Eringya's Noxious Bog    Tmut/Pois      11%        N/A       71%         6
 Dragon's Call            Summ           44%        N/A       85%         9
 Dragon Form              Tmut           11%        N/A       99%         7
 Ignition                 Fire           11%        3d5       100%        8
 Animate Dead             Necr           Unusable   N/A       N/A         4
 Simulacrum               Ice/Necr       Unusable   N/A       N/A         6

Dungeon Overview and Level Annotations

Branches:
Dungeon (15/15)            Temple (1/1) D:4            Lair (5/5) D:10
 Shoals (1/4) Lair:2        Snake (4/4) Lair:2        Slime (0/5) Lair:5
    Orc (2/2) D:11            Elf (0/3) Orc:2        Vaults (0/5) D:14
 Depths (0/4) D:15        Ossuary (visited)          Bailey (visited)

Altars:
Ashenzari
Cheibriados
Dithmenos
Elyvilon
Fedhas
Gozag
Hepliaklqana
Kikubaaqudgha
Makhleb
Nemelex Xobeh
Okawaru
Qazlal
Ru
Sif Muna
Trog
Uskayaw
Vehumet
Wu Jian
Xom
Yredelemnul
Zin
The Shining One

Shops:
D:7 (   D:8 !   D:11 :   D:13 :   Orc:1 [   Orc:2 *::[([   Lair:1 =   Lair:2 :
Lair:5 :   Snake:3 =::*   Snake:4 =

Annotations:
Lair:3 2 transporters


Innate Abilities, Weirdness & Mutations

You have sharp claws.
You have razor-sharp teeth.
You have supernaturally acute eyesight. (SInv)
You cover ground quickly. (Speed+)
Your thick and shaggy fur keeps you warm. (AC +3, rC+)
Your paws help you pounce on unaware monsters.
You are incapable of wielding weapons or throwing items.
You cannot wear armour.
You gain extra lives every three experience levels.
You have a pair of small horns on your head.
You are agile. (Dex +4, Str/Int -1)


Message History

The bolt of electricity hits the merfolk javelineer!
A forested plane collides here with a resounding crunch!
Your dryad calls out to the forest.
The forest starts to sway and rumble!
The merfolk javelineer throws a silver javelin.
The silver javelin pierces through your lightning spire!
The silver javelin completely misses you.
Casting: Summon Forest (safe; 1% risk of failure)
Confirm with . or Enter, or press ? or * to list all spells.
A mana viper appears with a sibilant hiss.
The merfolk javelineer throws a silver javelin.
The silver javelin pierces through your lightning spire!
The silver javelin pierces through you!!
The silver sears you!
* * * LOW HITPOINT WARNING * * *
Branches wave dangerously above you.
The merfolk javelineer throws a silver javelin.
The silver javelin pierces through your lightning spire.
The silver javelin pierces through you!
* * * LOW HITPOINT WARNING * * *
The silver sears you!
* * * LOW HITPOINT WARNING * * *
The merfolk throws a silver boomerang.
The silver boomerang hits your mana viper.
Your mana viper splashes around in the water.
The merfolk javelineer throws a silver javelin.
The silver javelin pierces through your lightning spire!
Your lightning spire is destroyed!
Your lightning spire disappears in a puff of smoke!
The silver javelin closely misses you.
The merfolk hits your mana viper with a +0 trident of venom!
You see here 3 gold pieces.
Okay, then.
As you read the scroll of fog, it crumbles to dust.
The scroll dissolves into smoke.
Your mana viper bites the merfolk!
Your mana viper bites the merfolk.
The merfolk javelineer throws a silver javelin.
The silver javelin pierces through you!
You die...
Your body crumbles into a pile of gold.

.?..~...~~.~~≈≈
~~P≈≈~~~~~~≈≈≈≈≈
~~~~≈≈≈≈P~~≈≈≈≈≈≈
.~~~≈≈PP~~P≈≈≈≈≈≈
P~~~~~~PP≈≈≈≈≈≈≈≈
PP~~~~PPP~≈≈≈≈≈≈≈
~~~~~§§P~§≈≈≈≈≈≈≈
~~~..§§§§~≈≈≈≈≈≈≈
~....§§@§~≈≈≈≈≈≈≈
......§§§~≈≈≈≈≈≈≈
$...♣#...~§≈≈≈≈≈≈≈
~..##..$~S≈≈≈≈≈≈≈
~~....$.R~m≈≈≈≈≈≈
~......~~~≈m≈≈m≈≈
.#♣..$~.~~≈≈≈≈≈≈≈
♣.~~..~~≈≈≈≈≈≈≈
#.~~$~~~~≈≈≈≈≈≈


You could see a merfolk javelineer, 2 merfolk, a friendly dryad (summoned) and a
friendly mana viper (summoned).

Vanquished Creatures
  A harpy (Shoals:1)
  A naga mage (Snake:3)
  An unseen horror (D:12)
  13 electric eels
  A howler monkey (D:11)
  A gnoll (D:9)
  A quokka (D:1)
  A goblin (D:9)
  A rat (D:1)
21 creatures vanquished.

Vanquished Creatures (collateral kills)
  4 nagarajas (Snake:4)
  Nessos (D:15)
  A minotaur (Lair:2)
  A fire dragon (Lair:5)
  Josephine (D:14)
  A salamander tyrant (Snake:4)
  6 hydras
  2 catoblepae (D:15)
  12 anacondas
  Erolcha (D:9)
  2 vault guards (D:14)
  2 centaur warriors
  3 two-headed ogres
  5 boulder beetles
  11 naga warriors
  2 tengu warriors
  5 shock serpents
  3 orc high priests (Orc:2)
  A skeletal warrior (D:15)
  12 naga sharpshooters
  A fire crab (shapeshifter) (D:14)
  5 spectral anacondas (Snake:4)
  3 salamander mystics
  A flayed ghost (D:15)
  A spark wasp zombie (D:15)
  A lindwurm (shapeshifter) (D:14)
  2 anaconda zombies (Snake:4)
  10 naga ritualists
  A wizard (D:13)
  3 harpies (Shoals:1)
  2 anaconda skeletons (Snake:4)
  A deep elf pyromancer (D:13)
  A steelbarb worm (shapeshifter) (D:14)
  A lindwurm (Lair:5)
  A necromancer (D:15)
  7 orc sorcerers
  7 orc knights
  9 mana vipers
  7 ugly things (D:14)
  5 manticores
  5 cyclopes
  14 salamanders
  A tengu skeleton (D:15)
  8 guardian serpents
  A salamander (shapeshifter) (D:14)
  30 black mambas
  2 gargoyles (D:13)
  19 naga magi
  12 elephants
  2 molten gargoyles (Lair:5)
  8 cane toads
  A torpor snail (Lair:1)
  2 rime drakes
  Psyche (D:9)
  4 yaktaurs (D:14)
  A kobold demonologist (Bailey)
  3 anaconda simulacra (Snake:4)
  10 komodo dragons
  2 burning bushes (Lair:1)
  A polar bear (Lair:1)
  3 tengu conjurers
  A wolf spider simulacrum (D:15)
  6 trolls
  Grinder (D:3)
  19 blink frogs
  12 dream sheep (Lair:5)
  A jumping spider (shapeshifter) (D:15)
  7 slime creatures
  4 shadows
  A vampire (D:13)
  6 wraiths
  2 wyverns
  23 yaks
  A spriggan (Lair:4)
  A human (shapeshifter) (D:14)
  7 basilisks
  3 steam dragons
  12 vampire mosquitoes
  3 wargs
  15 water moccasins
  2 acid dragons
  42 nagas
  5 hell hounds (Lair:5)
  A glowing shapeshifter skeleton (D:15)
  A black bear (D:4)
  19 orc warriors
  2 sky beasts
  4 ogres
  5 wolves
  3 centaurs
  A kobold brigand (D:8)
  12 bullfrogs
  5 gnoll sergeants
  5 scorpions
  2 water moccasin zombies (Ossuary)
  4 wights
  A hornet simulacrum (D:14)
  2 killer bees (D:7)
  9 howler monkeys
  3 vampire bats (Lair:4)
  A crimson imp (D:13)
  5 lava snakes (Lair:5)
  8 hounds
  A jelly (D:6)
  16 orc priests
  3 gnoll boudas (D:9)
  A sleepcap (D:5)
  Terence (D:3)
  3 iguanas (D:5)
  Ijyb (D:3)
  Natasha (thrice) (D:2)
  22 orc wizards
  2 mummies (Ossuary)
  31 gnolls
  6 adders
  An adder zombie (Ossuary)
  2 worms (D:2)
  4 dart slugs
  61 orcs
  8 ball pythons
  13 endoplasms
  3 giant cockroaches (D:1)
  2 gnoll zombies (Ossuary)
  9 goblins
  14 hobgoblins
  9 jackals
  4 quokkas
  10 bats
  3 frilled lizards (D:1)
  3 hobgoblin zombies (Ossuary)
  15 kobolds
  A kobold zombie (Ossuary)
  9 orc zombies (Ossuary)
  4 rats
  A spectral hobgoblin (D:1)
808 creatures vanquished.

Vanquished Creatures (others)
  A nagaraja (Snake:4)
  The ghost of Gedeb the Cleaver, a journeyman MiFi of Okawaru (Lair:2)
  2 hydras
  2 vault guards (D:14)
  3 anacondas
  A two-headed ogre (D:8)
  6 naga warriors
  2 boulder beetles (D:12)
  2 naga sharpshooters
  A shock serpent (Snake:4)
  5 skeletal warriors (D:15)
  A spectral anaconda (Snake:4)
  2 anaconda zombies (Snake:4)
  An orc knight (Orc:2)
  A deep elf pyromancer (D:11)
  A mana viper (Snake:4)
  3 ugly things
  3 manticores
  A cyclops (Orc:1)
  4 elephants
  Maurice (D:9)
  A fire giant skeleton (D:15)
  A naga mage (Snake:4)
  2 black mambas
  A gargoyle (D:12)
  2 cane toads (Lair:5)
  A rime drake (Lair:5)
  7 komodo dragons
  2 anaconda simulacra (Snake:4)
  2 trolls (D:12)
  Prince Ribbit (D:9)
  4 blink frogs (Lair:4)
  2 dream sheep (Lair:5)
  A hornet (D:7)
  2 slime creatures
  4 wyverns
  19 yaks
  2 basilisks
  6 nagas
  A sky beast (D:7)
  2 ogres
  13 orc warriors
  A centaur (D:7)
  A kobold brigand (D:6)
  4 wights
  2 scorpions
  A killer bee (D:7)
  A howler monkey (D:11)
  A hound (D:9)
  An orc priest (D:11)
  A gnoll bouda (D:4)
  An iguana (D:7)
  An orc wizard (D:11)
  6 gnolls
  2 orcs
  A bat (Lair:4)
  An endoplasm (D:4)
  2 goblins
  A hobgoblin (D:11)
  A jackal (D:9)
  19 snaplasher vines
168 creatures vanquished.

Grand Total: 997 creatures vanquished

Notes
Turn   | Place    | Note
-------+----------+-------------------------------------------
     0 | D:1      | cheesebisquit the Felid Summoner began the quest for the
                  | Orb.
     0 | D:1      | Reached XP level 1. HP: 7/7 MP: 4/4
   183 | D:1      | Reached XP level 2. HP: 11/11 MP: 4/6
   243 | D:1      | Found a faded altar of an unknown god.
   354 | D:1      | Reached XP level 3. HP: 14/14 MP: 5/8
   947 | D:2      | Learned a level 2 spell: Call Imp
   951 | D:2      | Learned a level 3 spell: Call Canine Familiar
  1206 | D:2      | Identified the +3 mace of Eternal Night {freeze, rPois}
  1412 | D:2      | Noticed Natasha
  1426 | D:2      | Killed Natasha
  1427 | D:2      | Reached skill level 5 in Summonings
  1427 | D:2      | Reached XP level 4. HP: 9/18 MP: 9/9
  1495 | D:2      | Noticed Natasha
  1507 | D:2      | Killed Natasha
  1582 | D:2      | Identified the amulet "Toppaucett" {Reflect -Cast Rampage
                  | rC+ Str+2 SH+5}
  1835 | D:2      | Learned a level 3 spell: Summon Guardian Golem
  1995 | D:2      | Noticed Natasha
  2006 | D:2      | Killed Natasha
  2007 | D:2      | Reached XP level 5. HP: 21/21 MP: 10/11
  2963 | D:3      | Found a bloodstained altar of Trog.
  3020 | D:3      | Noticed Grinder
  3041 | D:3      | Killed Grinder
  3042 | D:3      | Reached skill level 1 in Fighting
  3042 | D:3      | Reached skill level 3 in Dodging
  3042 | D:3      | Gained mutation: You are covered in thick fur. (AC +2)
                  | [Felid growth]
  3042 | D:3      | Reached XP level 6. HP: 25/25 MP: 12/13
  3226 | D:3      | Learned a level 4 spell: Summon Lightning Spire
  3250 | D:3      | Noticed Ijyb
  3295 | D:3      | Killed Ijyb
  3296 | D:3      | Noticed Terence
  3315 | D:3      | Killed Terence
  3482 | D:3      | Gained mutation: You occasionally lose the ability to drink
                  | potions when taking damage. [potion of mutation]
  3482 | D:3      | Gained mutation: Your spells are a little easier to cast,
                  | but a little less powerful. [potion of mutation]
  3482 | D:3      | Gained mutation: You are partially covered in iridescent
                  | scales. (AC +2) [potion of mutation]
  3483 | D:3      | Reached skill level 4 in Dodging
  3933 | D:3      | Found a radiant altar of Vehumet.
  4437 | D:4      | Reached XP level 7. HP: 30/30 MP: 11/14
  4957 | D:4      | Reached skill level 1 in Air Magic
  5086 | D:4      | Found a staircase to the Ecumenical Temple.
  5091 | Temple   | Entered the Ecumenical Temple
  5101 | Temple   | Became a worshipper of Gozag Ym Sagoz the Greedy
  5435 | D:5      | Entered Level 5 of the Dungeon
  5471 | D:5      | Noticed a wyvern
  5721 | D:5      | Killed a wyvern
  5722 | D:5      | Reached skill level 5 in Dodging
  5819 | D:5      | Reached XP level 8. HP: 34/34 MP: 15/16
  6223 | D:5      | Reached skill level 5 in Spellcasting
  6251 | D:5      | Reached skill level 5 in Hexes
  6921 | D:6      | Reached skill level 6 in Dodging
  7179 | D:6      | Found a shimmering blue altar of Sif Muna.
  7181 | D:6      | Found a snail-covered altar of Cheibriados.
  7657 | D:6      | Reached XP level 9. HP: 39/39 MP: 18/18
  8497 | D:6      | Reached skill level 7 in Dodging
  8851 | D:7      | Identified the +1 tower shield of Grace {Rampage rF+ Str+3}
  8854 | D:7      | Found a sand-covered staircase.
  8911 | Ossuary  | Entered an ossuary
  9060 | Ossuary  | Reached skill level 5 in Fighting
  9512 | D:7      | Reached skill level 8 in Dodging
  9856 | D:7      | Found Yluorezu's Antique Weapon Shoppe.
 10184 | D:8      | Reached XP level 10. HP: 38/45 MP: 20/20
 10670 | D:8      | Noticed a two-headed ogre
 10684 | D:8      | Killed a two-headed ogre
 10685 | D:8      | Reached skill level 5 in Air Magic
 11037 | D:8      | Reached skill level 9 in Dodging
 12256 | D:8      | Found Qirunwil's Distillery.
 12261 | D:8      | Bought 2 potions of curing for 78 gold pieces
 12261 | D:8      | Bought 2 potions of heal wounds for 130 gold pieces
 12261 | D:8      | Bought a potion of mutation for 104 gold pieces
 12261 | D:8      | Bought a potion of resistance for 130 gold pieces
 12261 | D:8      | Bought a potion of heal wounds for 65 gold pieces
 12261 | D:8      | Bought 2 potions of invisibility for 208 gold pieces
 12261 | D:8      | Bought a potion of curing for 39 gold pieces
 12261 | D:8      | Bought a potion of brilliance for 52 gold pieces
 12596 | D:9      | Noticed Psyche
 12650 | D:9      | Noticed a manticore
 12761 | D:9      | Noticed Prince Ribbit
 12819 | D:9      | Killed Prince Ribbit
 12821 | D:9      | Engulfed by their own flame
 12822 | D:9      | Reached XP level 9. HP: -6/43 MP: 6/30
 13091 | D:9      | Reached XP level 10. HP: 47/47 MP: 20/22
 13190 | D:9      | Killed Psyche
 13302 | D:9      | Found a flagged portal.
 13313 | Bailey   | Entered a bailey
 13401 | Bailey   | Noticed an orc knight
 13424 | Bailey   | Killed an orc knight
 13425 | Bailey   | Reached skill level 10 in Dodging
 13583 | Bailey   | Noticed an orc knight
 13621 | Bailey   | Killed an orc knight
 14100 | Bailey   | Noticed an orc sorcerer
 14104 | Bailey   | Killed an orc sorcerer
 14412 | Bailey   | Killed from afar by an electric eel
 14413 | Bailey   | Reached XP level 9. HP: -2/43 MP: 16/30
 14413 | Bailey   | Acquired a book of Death
 14423 | Bailey   | Learned a level 7 spell: Haunt
 14447 | Bailey   | Noticed a hellwing
 14455 | Bailey   | Killed a kobold demonologist
 14640 | Bailey   | Found an iron altar of Okawaru.
 14951 | Bailey   | Reached XP level 10. HP: 47/47 MP: 23/23
 15147 | D:9      | Killed a manticore
 15148 | D:9      | Reached skill level 1 in Necromancy
 15164 | D:9      | Noticed Maurice
 15219 | D:9      | Killed Maurice
 15410 | D:9      | Noticed Erolcha
 16500 | D:10     | Entered Level 10 of the Dungeon
 17191 | D:10     | You fall into a shaft and drop 2 floors!
 17280 | D:11     | Found Iwoh Kopn's Book Boutique.
 17384 | D:10     | Found a staircase to the Lair.
 17496 | D:10     | Reached skill level 11 in Dodging
 17884 | D:11     | Noticed a deep elf pyromancer
 17901 | D:11     | Killed a deep elf pyromancer
 18040 | D:11     | Reached XP level 11. HP: 51/51 MP: 17/24
 18455 | D:11     | Found a staircase to the Orcish Mines.
 18786 | D:12     | Reached skill level 10 in Summonings
 19029 | D:12     | Noticed a two-headed ogre
 19030 | D:12     | Noticed a cyan ugly thing
 19040 | D:12     | Killed a cyan ugly thing
 19261 | D:12     | Noticed a boulder beetle
 19284 | D:12     | Killed a boulder beetle
 19418 | D:12     | Killed a two-headed ogre
 19673 | D:12     | Noticed a boulder beetle
 19686 | D:12     | Killed a boulder beetle
 20013 | D:12     | Reached skill level 12 in Dodging
 20726 | Lair:1   | Entered Level 1 of the Lair of Beasts
 21301 | Lair:1   | Acquired a book of Beasts
 21309 | Lair:1   | Learned a level 5 spell: Summon Mana Viper
 21546 | Lair:1   | Identified the +1 hand axe of Saltpetre {spect, *Noise
                  | rElec rN+ Will+}
 21922 | Lair:1   | Gained mutation: Your thick and shaggy fur keeps you warm.
                  | (AC +3, rC+) [Felid growth]
 21922 | Lair:1   | Reached XP level 12. HP: 57/57 MP: 4/26
 22742 | Lair:2   | Noticed a four-headed hydra
 22762 | Lair:2   | Killed a four-headed hydra
 22993 | Lair:2   | Found a runed translucent gate.
 23080 | Lair:2   | Reached skill level 13 in Dodging
 23082 | Lair:2   | Noticed a four-headed hydra
 23091 | Lair:2   | Killed a four-headed hydra
 23359 | Lair:2   | Found a staircase to the Snake Pit.
 23673 | Lair:2   | Found a runed translucent gate.
 23674 | Lair:2   | Found a runed translucent gate.
 23777 | Lair:2   | Noticed a minotaur
 23780 | Lair:2   | Noticed Gedeb's ghost (journeyman MiFi)
 23836 | Lair:2   | Identified the +5 ring mail "Fac Suma" {rC- rCorr SInv}
 24140 | Lair:2   | Found a staircase to the Shoals.
 24365 | Lair:3   | You fall into a shaft and drop 2 floors!
 24365 | Lair:5   | Entered Level 5 of the Lair of Beasts
 24378 | Lair:5   | Reached skill level 10 in Fighting
 24384 | Lair:5   | Reached skill level 10 in Spellcasting
 24876 | Lair:5   | Found a large runed translucent door.
 24877 | Lair:5   | Noticed a fire dragon
 24913 | Lair:5   | Reached XP level 13. HP: 62/62 MP: 28/28
 25682 | Lair:5   | Reached skill level 14 in Dodging
 26335 | Lair:3   | Reached skill level 10 in Hexes
 26671 | Lair:3   | Reached skill level 5 in Necromancy
 26990 | Lair:3   | Found a transporter.
 27030 | Lair:3   | Found a transporter.
 27348 | Lair:3   | Bought a scroll of blinking for 112 gold pieces
 27348 | Lair:3   | Bought a scroll of amnesia for 60 gold pieces
 27349 | Lair:3   | Bought a scroll of identify for 30 gold pieces
 27349 | Lair:3   | Bought a scroll of identify for 30 gold pieces
 27351 | Lair:3   | Bought a scroll of torment for 142 gold pieces
 27351 | Lair:3   | Bought a scroll of teleportation for 45 gold pieces
 27351 | Lair:3   | Bought a scroll of amnesia for 60 gold pieces
 27351 | Lair:3   | Bought a scroll of teleportation for 45 gold pieces
 27351 | Lair:3   | Bought a scroll of identify for 30 gold pieces
 27528 | Lair:4   | Learned a level 3 spell: Tukima's Dance
 29378 | Lair:5   | Found a staircase to the Slime Pits.
 29763 | Lair:5   | Reached skill level 15 in Dodging
 29763 | Lair:5   | Reached XP level 14. HP: 67/67 MP: 25/30
 29972 | Lair:5   | Found a hide-covered altar of Uskayaw.
 29975 | Lair:5   | Found an ornate altar of the Wu Jian Council.
 30904 | Lair:5   | Found a large runed translucent door.
 31510 | Orc:1    | Entered Level 1 of the Orcish Mines
 31785 | Orc:2    | Entered Level 2 of the Orcish Mines
 31931 | Orc:2    | Found Pianaf's Practical Paraphernalia.
 33518 | Orc:1    | Found Qipseh's Antique Armour Shoppe.
 33946 | Orc:2    | Found a staircase to the Elven Halls.
 34218 | Orc:2    | Found Yzxiufu's Book Boutique.
 34226 | Orc:2    | Bought a book of Spatial Translocations for 234 gold pieces
 34226 | Orc:2    | Bought a book of Scorching for 390 gold pieces
 34233 | Orc:2    | Learned a level 6 spell: Summon Cactus Giant
 34236 | Orc:2    | Learned a level 2 spell: Blink
 34319 | Orc:2    | Reached skill level 1 in Translocations
 34939 | Orc:2    | Found Policw's Armour Boutique.
 34946 | Orc:2    | Found Jomir's Armour Emporium.
 34953 | Orc:2    | Found Lunegeso's Book Emporium.
 34955 | Orc:2    | Found Irphocemn's Antique Weapon Boutique.
 34961 | Orc:2    | Bought a book of the Wilderness for 456 gold pieces
 34968 | Orc:2    | Learned a level 5 spell: Summon Forest
 35120 | D:11     | Bought the Elucidation of the Freezing Comitatus for 408
                  | gold pieces
 35262 | Lair:2   | Killed Gedeb's ghost
 35534 | D:9      | Killed Erolcha
 35977 | D:13     | Acquired an amulet of magic regeneration
 36227 | D:13     | Reached skill level 16 in Dodging
 37135 | D:14     | Reached skill level 5 in Translocations
 37161 | D:14     | Reached XP level 15. HP: 71/73 MP: 28/31
 37328 | D:14     | Found a gate to the Vaults.
 37358 | D:14     | Noticed Josephine
 37372 | D:14     | Killed Josephine
 37812 | D:14     | Found a hide-covered altar of Uskayaw.
 38083 | D:15     | Entered Level 15 of the Dungeon
 38158 | D:15     | Noticed Nessos
 38165 | D:15     | Shot with an arrow by Nessos
 38166 | D:15     | Reached XP level 14. HP: -7/69 MP: 20/40
 38178 | D:15     | Found a staircase to the Depths.
 38525 | D:15     | Found a glowing golden altar of the Shining One.
 38808 | D:15     | Killed Nessos
 39193 | D:15     | Reached skill level 17 in Dodging
 39264 | D:15     | Identified the +2 pair of gloves "Bufefanu" {Fly rPois
                  | Int-2 SInv}
 39432 | D:15     | Found an ancient bone altar of Kikubaaqudgha.
 39647 | D:15     | Found a stormy altar of Qazlal.
 39891 | Snake:1  | Entered Level 1 of the Snake Pit
 40115 | Lair:2   | Bought a book of the Dragon for 598 gold pieces
 40540 | Snake:1  | Reached XP level 15. HP: 74/74 MP: 21/32
 41514 | Snake:2  | Identified the ring "Igiph" {Fire rPois}
 41843 | Snake:1  | Lost mutation: You are partially covered in iridescent
                  | scales. (AC +2) [potion of mutation]
 41843 | Snake:1  | Lost mutation: Your spells are a little easier to cast, but
                  | a little less powerful. [potion of mutation]
 41843 | Snake:1  | Lost mutation: You occasionally lose the ability to drink
                  | potions when taking damage. [potion of mutation]
 41843 | Snake:1  | Gained mutation: You are dopey. (Int -2) [potion of
                  | mutation]
 41843 | Snake:1  | Gained mutation: Potions are less effective at restoring
                  | your health. [potion of mutation]
 41843 | Snake:1  | Lost mutation: You are dopey. (Int -2) [potion of mutation]
 41844 | Snake:1  | Lost mutation: Potions are less effective at restoring your
                  | health. [potion of mutation]
 41844 | Snake:1  | Gained mutation: You have a pair of small horns on your
                  | head. [potion of mutation]
 41844 | Snake:1  | Gained mutation: You are agile. (Dex +4, Str/Int -1)
                  | [potion of mutation]
 45409 | Snake:3  | Reached skill level 10 in Translocations
 45986 | Snake:3  | Found a shadowy altar of Dithmenos.
 46382 | Snake:3  | Reached skill level 18 in Dodging
 46407 | Snake:3  | Identified the +4 ring mail of the Evening Star {-Tele Harm
                  | Dex+3 Stlth+}
 46741 | Snake:3  | Found Golamanet's Assorted Antiques.
 46972 | Snake:3  | Killed from afar by a shock serpent
 46973 | Snake:3  | Reached XP level 14. HP: -12/72 MP: 22/41
 47386 | Snake:3  | Reached XP level 15. HP: 62/75 MP: 21/33
 47678 | Snake:3  | Found Kite's Jewellery Emporium.
 47678 | Snake:3  | Found Qaitoarana's Book Boutique.
 47680 | Snake:3  | Found Teocrafo's Book Boutique.
 47859 | Snake:4  | Entered Level 4 of the Snake Pit
 48803 | Snake:4  | Noticed a nagaraja
 48814 | Snake:4  | Killed a nagaraja
 48820 | Snake:4  | Noticed a nagaraja
 48845 | Snake:4  | Noticed a nagaraja
 49223 | Snake:4  | Killed a nagaraja
 50273 | Snake:4  | Reached skill level 19 in Dodging
 50308 | Snake:4  | Noticed a nagaraja
 50544 | Snake:4  | Killed a nagaraja
 50661 | Snake:4  | Reached XP level 16. HP: 80/80 MP: 19/34
 50946 | Snake:4  | Got a serpentine rune of Zot
 51092 | Snake:4  | Learned a level 7 spell: Monstrous Menagerie
 51098 | Snake:4  | Bought the ring of Socrorex {Wiz rElec rCorr Int+3 Stlth+}
                  | for 1115 gold pieces
 51098 | Snake:4  | Bought the amulet "Monughec" {RegenMP rN++ Int+2} for 982
                  | gold pieces
 52046 | Shoals:1 | Entered Level 1 of the Shoals
 52173 | Shoals:1 | HP: 1/80 [harpy (7)]
 52173 | Shoals:1 | Mangled by a harpy
 52174 | Shoals:1 | Reached XP level 15. HP: -13/76 MP: 34/34
 52264 | Shoals:1 | HP: 2/76 [merfolk javelineer/silver javelin (3)]
 52265 | Shoals:1 | Hit by a silver javelin thrown by a merfolk javelineer

Illustrated notes

Levels and vault maps discovered:
D:1:      reono_arrival_forest_river, layout_basic,
          dreamdust_ecumenical_altar_drowned_temple
D:2:      layout_basic, uniq_natasha
D:3:      layout_basic, mainiacjoe_overflow_swirl, uniq_terence, uniq_grinder,
          uniq_ijyb
D:4:      layout_rooms, minmay_temple_entry_nine_rooms, grunt_ministairs_3,
          hangedman_decor_riveting, bh_walls_and_bars
D:5:      layout_cave_pools, serial_column_ruins, column_ruins_square_large,
          column_ruins_hut, column_ruins_open_small,
          column_ruins_columns_corner, column_ruins_columns_straight,
          column_ruins_grid_2, column_ruins_grid_1, saegor_snake_ambush
D:6:      layout_loops_ring, nicolae_overflow_hidden_temple,
          nicolae_kite_square_tiling_tiny, minmay_misc_feat_iff,
          kennysheep_generic_room_15
D:7:      layout_rooms, serial_shops, nicolae_shop_tiny_glass,
          nicolae_ossuary_entry_ruins, chequers_serial_rivers_micro_c
D:8:      layout_layer_cave, serial_shops, shop
D:9:      layout_cave_pools, serial_gnoll_camp, gnoll_camp_huts_moat,
          gnoll_camp_mini_sergeant, gnoll_camp_mini_basic, gnoll_camp_mini_hut,
          enter_bailey_5, minmay_misc_feat_encased, kennysheep_generic_room_4,
          uniq_maurice, uniq_prince_ribbit1, uniq_psyche, uniq_erolcha
D:10:     layout_roguey, grunt_lair_entry_orc_guard_hut
D:11:     layout_rooms, erik_orc_3, serial_shops, nicolae_shop_hallway_plus
D:12:     layout_roguey, grunt_ministairs_8
D:13:     layout_cave_pools, lightli_wizard_tower
D:14:     layout_basic, lightli_vaults_fourway_checkpoint,
          nicolae_uskayaw_dance_hall, uniq_josephine
D:15:     gammafunk_depths_entry_grave, layout_rooms,
          nicolae_qazlal_eye_of_the_storm, hangedman_feature_mirror, uniq_nessos
Temple:   nicolae_temple_two_arcs
Lair:1:   layout_cave_pods, evilmike_ambush [evilmike_ambush_outer_corners,
          evilmike_ambush_inner_basic]
Lair:2:   layout_small_grid, elwin_shoals_entry_rooms, dummy_snake_entry,
          maelrawn_ghost_gauntlet_escape, grunt_megastairs_4, lemuel_fruit_tree,
          serial_bayou_shore_a
Lair:3:   gammafunk_worm_tunnel, layout_regular_city, gauntlet_entry_generic,
          chequers_serial_rivers_micro_e, serial_bayou_lagoon_a,
          cheibrodos_lair_caveside_slide, serial_bayou_pond_b
Lair:4:   layout_gridlike, roderic_batcave, wad_woods_03
Lair:5:   cheibrodos_lair_end_hotspot, layout_regular_city, slime_entry_1,
          nicolae_quartered_pool_little, nzn_masters_of_martial_movement
Shoals:1: layout_shoals, nicolae_specific_store,
          nicolae_shoals_siren_and_animal_friends
Snake:1:  layout_honeycomb
Snake:2:  layout_basic, st_stairs_11
Snake:3:  nicolae_snake_hallway, layout_basic, serial_shops, shop, basic_altar,
          grunt_megastairs_5, minmay_shop_grove
Snake:4:  grunt_snake_rune_serpentine_throne, layout_layer_cave,
          portal_ice_cave_entry_pillars_1, nicolae_snake_dead_anacondas
Orc:1:    layout_caves, serial_shops, shop_statue
Orc:2:    st_orc_elflike, layout_caves, serial_shops, nicolae_shop_crystal,
          nicolae_alphabet_shops, david_defended_altar_orc

Skill      XL: |  1  2  3  4  5  6  7  8  9 10 11 12 13 14 15 16 |
---------------+-------------------------------------------------+-----
Spellcasting   | 3 4 5 8 7 9 10 11 13 14 | 14.0
Summonings     | 5 6 7 9 10 11 13 14 | 14.7
Fighting       | 1 2 3 4 5 8 9 10 11 13 14 | 14.9
Dodging        | 3 4 5 6 8 11 12 13 15 17 19 | 19.0
Hexes          | 2 3 4 5 8 10 | 10.0
Air Magic      | 2 3 4 7 |  7.0
Necromancy     | 3 4 6 7 9 |  9.4
Translocations | 8 10 | 10.0
Stealth        | |  2.6

Action                     |  1- 3 |  4- 6 |  7- 9 | 10-12 | 13-15 | 16-18 || total
---------------------------+-------+-------+-------+-------+-------+-------++-------
  Melee: Unarmed           |    17 |       |    10 |    40 |    56 |       ||   123
         Bite              |     1 |       |       |     6 |     8 |       ||    15
         Punch             |       |       |       |     1 |       |       ||     1
         Headbutt          |       |       |       |       |     5 |       ||     5
   Cast: Summon Small Mamm |    57 |    42 |    32 |       |       |       ||   131
         Call Imp          |     9 |    18 |    60 |    72 |     1 |       ||   160
         Call Canine Famil |       |    17 |    70 |   114 |    34 |       ||   235
         Summon Guardian G |       |     1 |    72 |   134 |   244 |     3 ||   454
         Summon Lightning  |       |       |    19 |   150 |   262 |     8 ||   439
         Summon Mana Viper |       |       |       |    22 |   211 |     6 ||   239
         Tukima's Dance    |       |       |       |       |     8 |       ||     8
         Summon Cactus Gia |       |       |       |       |   113 |     6 ||   119
         Summon Forest     |       |       |       |       |    83 |     3 ||    86
         Blink             |       |       |       |       |     3 |       ||     3
         Haunt             |       |       |       |       |     2 |       ||     2
         Monstrous Menager |       |       |       |       |       |     6 ||     6
 Invoke: Potion Petition   |       |       |       |     1 |       |       ||     1
         Call Merchant     |       |       |       |     1 |     4 |     1 ||     6
  Evoke: Wand              |       |       |     5 |    16 |     6 |       ||    27
    Use: Scroll            |       |     8 |     7 |     8 |    26 |     4 ||    53
         Potion            |       |     2 |     1 |    16 |    21 |     2 ||    42
   Stab: Betrayed ally     |       |       |       |     1 |     1 |       ||     2
         Distracted        |       |       |       |       |     2 |       ||     2
 Armour: Skin              |       |     3 |    12 |    12 |     6 |       ||    33
  Dodge: Dodged            |    26 |    10 |    93 |   217 |   422 |    25 ||   793
